Map: Parasitismo LE

Players

alucard - Winner!

  • Race: Protoss Protoss
  • League: Gold
  • Spawn Location: 11:00

Vicster

  • Race: Terran Terran
  • League: Gold
  • Spawn Location: 5:00

VOD

Have the link to the VOD?

Description

Time

  • Played on: Jan. 5, 2019, 8:01 a.m.
  • Length: 16:23
Show
View Real Time Build Order
Export as new Build Order

alucard Protoss - Winner!

Build Orders: 1 Gate Expand 

Get SALT Encoding   

  12  0:01  Probe  
  13  0:13  Probe  
  14  0:23  Pylon  
  14  0:25  Probe  
  15  0:41  Probe  
  16  0:51  Gateway  
  16  0:57  Probe  
  17  1:08  Assimilator  
  17  1:09  Probe  
  18  1:24  Nexus  
  18  1:26  Probe  
  19  1:38  Probe  
  20  1:50  Cybernetics Core  
  20  1:55  Probe  
  20  1:57  Assimilator  
  21  2:04  Warp Gate  
  21  2:25  Probe  
  22  2:34  Probe  
  22  2:36  Stalker  
  24  2:42  Probe  
  25  2:45  Probe  
  27  2:51  Probe  
  27  2:53  Pylon  
  27  2:57  Probe  
  29  3:03  Probe  
  30  3:06  Stalker  
  32  3:26  Probe x2  
  34  3:35  Pylon  
  34  3:36  Stalker  
  34  3:39  Probe  
  37  3:42  Pylon  
  37  3:48  Probe, Pylon  
  37  3:51  Probe  
  39  3:56  Probe  
  40  4:06  Probe  
  41  4:12  Gateway  
  41  4:14  Gateway  
  41  4:17  Gateway  
  41  4:18  Gateway  
  41  4:19  Gateway  
  41  4:27  Pylon  
  41  4:37  Pylon  
  41  4:42  Stalker  
  43  4:46  Probe x2  
  43  4:49  Assimilator  
  45  4:58  Probe x2  
  47  5:10  Stalker  
  47  5:11  Stalker  
  47  5:12  Stalker  
  47  5:13  Stalker  
  55  5:14  Stalker  
  55  5:16  Stalker  
  59  5:27  Forge  
  59  5:32  Robotics Facility  
  59  5:37  Twilight Council  
  59  5:40  Probe x2  
  61  5:46  Zealot x2  
  61  5:47  Zealot x3  
  61  5:48  Zealot  
  71  6:09  Pylon  
  71  6:14  Blink  
  71  6:19  Stargate  
  71  6:20  Stargate  
  71  6:24  Stargate  
  71  6:32  Assimilator  
  71  6:39  Stalker x3  
  77  6:40  Stalker x2  
  77  6:45  Nexus  
  77  6:46  Stalker  
  83  7:03  Observer  
  83  7:07  Zealot  
  83  7:08  Zealot x4  
  92  7:13  Pylon  
  94  7:16  Pylon  
  94  7:19  Assimilator  
  94  7:24  Assimilator  
  94  7:27  Probe  
  94  7:31  Observer  
  94  7:36  Protoss Ground Weapons Level 1, Probe  
  97  7:48  Probe  
  98  8:09  Void Ray x3  
  110  8:14  Zealot  
  110  8:15  Charge, Zealot x3  
  110  8:16  Zealot x2  
  122  8:29  Probe  
  123  8:37  Probe  
  123  8:47  Probe  
  125  9:30  Protoss Ground Armor Level 1  
  125  9:38  Pylon  
  125  9:40  Pylon  
  125  9:43  Pylon  
  125  9:46  Pylon  
  125  10:02  Void Ray x2  
  125  10:03  Void Ray  
  137  10:10  Protoss Air Weapons Level 1  
  137  10:16  Fleet Beacon  
  137  10:39  Warp Prism  
  139  10:45  Void Ray x3  
  151  11:23  Stalker x2  
  151  11:24  Stalker  
  157  12:02  Pylon  
  157  12:04  Pylon  
  157  12:07  Pylon  
  157  12:19  Void Ray x2  
  157  12:22  Void Ray  
  167  12:32  Nexus  
  115  12:53  Zealot x4  
  115  12:54  Zealot x2  
  109  13:30  Zealot x5  
  109  13:32  Void Ray x3  
  131  14:16  Stalker x3  
  131  14:17  Stalker  
  137  14:59  Zealot x3  
  139  15:00  Zealot x3  
  131  15:14  Cybernetics Core  
  127  15:25  Zealot x4  
  127  15:27  Zealot  
  89  15:51  Pylon  
  89  15:56  Pylon  
  87  16:04  Nexus  
  87  16:07  Pylon  
  85  16:22  Zealot x3  
Show
View Real Time Build Order
Export as new Build Order

Vicster Terran 

Build Orders:  

Get SALT Encoding   

  12  0:01  SCV  
  13  0:21  SCV  
  13  0:28  Supply Depot  
  14  0:34  SCV  
  15  0:42  Refinery  
  15  0:49  SCV  
  16  0:52  Barracks  
  16  1:02  SCV  
  17  1:14  SCV  
  18  1:26  SCV  
  19  1:38  SCV  
  20  1:40  Reaper  
  21  1:47  Command Center  
  21  1:57  Orbital Command  
  21  2:04  Factory  
  21  2:29  Barracks Reactor, SCV  
  22  2:42  SCV  
  23  2:53  Refinery  
  23  2:58  SCV  
  23  3:01  Supply Depot  
  23  3:05  Supply Depot  
  24  3:10  SCV  
  25  3:24  SCV  
  25  3:26  Factory Tech Lab  
  25  3:31  Starport  
  25  3:36  SCV  
  26  3:43  Orbital Command  
  26  3:47  Command Center  
  26  3:48  SCV  
  27  3:58  Siege Tank  
  27  3:59  Marine x2  
  27  4:01  SCV  
  33  4:11  Supply Depot  
  33  4:12  Starport Reactor  
  33  4:13  SCV  
  33  4:14  Barracks  
  34  4:19  SCV  
  35  4:25  SCV  
  35  4:28  Marine x2  
  38  4:34  Supply Depot  
  38  4:35  Siege Tank  
  38  4:37  SCV  
  42  4:45  Bunker  
  42  4:47  SCV  
  42  4:49  SCV  
  42  4:50  Medivac  
  46  4:54  Medivac  
  46  4:56  Marine  
  46  4:59  SCV  
  51  5:01  SCV  
  51  5:02  Orbital Command  
  51  5:10  Refinery  
  51  5:11  SCV  
  51  5:12  Refinery  
  51  5:13  SCV  
  53  5:23  SCV  
  54  5:31  SCV, Medivac  
  54  5:32  Barracks Tech Lab, Engineering Bay  
  54  5:34  Barracks  
  57  5:41  Siege Tank  
  57  5:42  Supply Depot  
  60  5:43  SCV  
  60  5:44  Marine x2  
  63  6:01  Marine  
  63  6:02  Marine x2  
  66  6:19  Marine  
  67  6:33  Terran Infantry Weapons Level 1  
  67  6:35  Supply Depot  
  67  6:36  Supply Depot  
  67  6:42  Barracks Tech Lab  
  67  6:44  Barracks, Engineering Bay  
  67  6:45  Marine x3  
  67  6:46  Siege Tank  
  73  6:47  Medivac x2  
  77  6:59  Supply Depot  
  77  7:00  Marine  
  78  7:03  Marine x3  
  81  7:17  Terran Infantry Armor Level 1, Medivac  
  81  7:18  Marine, Armory  
  81  7:20  Marine  
  81  7:21  Marine, Reaper, SCV x2  
  81  7:22  SCV  
  90  7:30  Supply Depot x2  
  90  7:33  SCV  
  90  7:34  SCV x2  
  90  7:36  Marine  
  94  7:38  Marine  
  94  7:39  Barracks Tech Lab  
  95  7:44  Stimpack  
  95  7:45  Barracks, SCV  
  95  7:46  Combat Shield, SCV  
  97  7:53  Marine, Supply Depot  
  97  7:55  SCV  
  97  7:57  SCV  
  97  7:58  SCV  
  101  8:00  Marine  
  101  8:01  Marine, Marauder  
  105  8:06  Siege Tank  
  105  8:07  SCV  
  105  8:08  Terran Vehicle Weapons Level 1  
  105  8:10  Marine  
  105  8:11  Supply Depot  
  110  8:16  Orbital Command  
  110  8:19  Marauder, SCV x2, Supply Depot  
  115  8:24  Liberator  
  114  8:31  SCV  
  115  8:39  Marine x2  
  115  8:40  Marauder x2, Siege Tank  
  124  8:41  Medivac  
  129  8:54  SCV x3  
  132  8:57  Marine x2  
  132  9:01  Marauder  
  136  9:06  SCV x3  
  136  9:07  Terran Infantry Weapons Level 2  
  139  9:13  Supply Depot  
  139  9:15  Supply Depot  
  139  9:16  Refinery  
  139  9:18  SCV x3  
  139  9:22  Refinery  
  142  9:30  SCV x2  
  144  9:36  SCV  
  145  9:40  Terran Infantry Armor Level 2  
  145  9:42  SCV x2  
  145  9:45  Barracks, Barracks Tech Lab  
  147  9:48  SCV  
  148  9:53  Barracks, Supply Depot  
  148  9:54  SCV  
  148  9:55  SCV, Supply Depot  
  150  10:02  Terran Vehicle And Ship Armor Level 1  
  150  10:13  SCV x3  
  153  10:15  Marine x2  
  153  10:16  Marauder x2, Command Center  
  158  10:25  SCV x2  
  160  10:33  Marine, Liberator  
  161  10:37  Marauder  
  163  10:46  SCV x3  
  163  10:47  Marine x3  
  163  10:48  Marauder x3  
  163  10:49  Siege Tank  
  178  10:50  Marine, Medivac  
  184  10:58  Marauder, SCV x2  
  188  11:05  Marine  
  188  11:10  Liberator  
  189  11:14  Command Center  
  189  11:27  Marauder, SCV x2, Siege Tank  
  189  11:29  Supply Depot  
  189  11:30  Supply Depot  
  189  11:32  Supply Depot  
  184  11:33  Medivac  
  184  11:34  Supply Depot  
  180  11:56  Terran Vehicle Weapons Level 2  
  180  12:09  SCV x2  
  182  12:15  Refinery x2, Command Center  
  182  12:19  Command Center  
  182  12:25  Planetary Fortress  
  181  12:33  Refinery  
  156  12:43  Marine x4, Marauder  
  156  12:44  Marauder x3  
  126  13:01  Marine x4  
  126  13:02  Thor  
  126  13:05  Marauder x4  
  129  13:18  Marine, Planetary Fortress  
  129  13:21  Refinery  
  125  13:45  Cyclone  
  114  13:52  Marine  
  114  13:53  Marine  
  121  14:06  SCV  
  121  14:07  SCV x3  
  124  14:10  Marine  
  124  14:11  Marine  
  124  14:16  Thor  
  122  14:19  SCV x2  
  130  14:25  Refinery  
  122  14:47  Barracks x2  
  122  14:49  Barracks  
  122  14:50  Barracks  
  122  14:51  Barracks  
  69  15:37  Marine x5  
  46  16:01  Missile Turret  
  46  16:03  Missile Turret  
  46  16:04  Missile Turret  
  46  16:08  Refinery  
  38  16:22  Missile Turret  
Tags
 
Add a new tag
Caveats
  • Supply blocks, unpowered buildings, or Contaminate may cause inaccurate times.
  • Supply counts are checked every 10 seconds.